 Seeded DCSS version 0.28-a0-1387-g3a22ab9bdc (webtiles) character file.

Game seed: 20220102 (custom seed)

277 a11behringer the Chopper (level 6, -4/50 (53) HPs)
             Began as a Hill Orc Fighter on Jan 2, 2022.
             Succumbed to Duvessa's poison
             ... on level 4 of the Dungeon.
             The game lasted 00:07:21 (2536 turns).

a11behringer the Chopper (Hill Orc Fighter)         Turns: 2536, Time: 00:07:21

HP:   -4/50 (53)    AC:  9    Str: 21    XL:     6   Next: 26%
MP:   6/6           EV: 14    Int:  8    God:
Gold: 166           SH:  4    Dex: 10    Spells: 5/5 levels left

rFire   + . .      SeeInvis .   a - +0 war axe
rCold   + . .      Faith    .   c - +0 buckler
rNeg    . . .      Spirit   .   b - +0 scale mail
rPois   .          Reflect  .   (no helmet)
rElec   .          Harm     .   k - scarf {rC+ rF+}
rCorr   .          Rampage  .   u - +0 pair of gloves
Will    .....                   o - +0 pair of boots
Stlth   ..........              (no amulet)
HPRegen 0.16/turn               h - ring of flight
MPRegen 0.10/turn               y - +4 ring of evasion

@: mighty, lethally poisoned (-4 -> -40), flying, drained
A: no striking features
a: no special abilities


You were on level 4 of the Dungeon.
You visited 1 branch of the dungeon, and saw 4 of its levels.

You collected 202 gold pieces.
You spent 36 gold pieces at shops.

Inventory:

Hand Weapons
 a - a +0 war axe (weapon)
Armour
 b - a +0 scale mail (worn)
 c - a +0 buckler (worn)
 k - a scarf of resistance (worn)
 o - a +0 pair of boots (worn)
 u - a +0 pair of gloves (worn)
Jewellery
 h - a ring of flight (left hand)
 p - a ring of ice
 y - a +4 ring of evasion (right hand)
Scrolls
 f - a scroll of immolation {unknown}
 i - 5 scrolls of identify {unknown}
 j - 2 scrolls of noise {unknown}
 l - 2 scrolls of magic mapping {unknown}
 r - a scroll of acquirement {unknown}
 w - a scroll of holy word {unknown}
Potions
 g - a potion of cancellation {unknown}
 m - a potion of brilliance
 n - a potion of berserk rage {unknown}
 q - a potion of haste {unknown}
 s - a potion of magic {unknown}
 t - a potion of flight {unknown}
 v - 3 potions of curing
 x - a potion of lignification {unknown}


   Skills:
 + Level 4.5 Fighting
 * Level 6.6 Axes
 + Level 3.9 Armour
 + Level 0.9 Dodging
 + Level 4.0 Shields


You had 5 spell levels left.
You didn't know any spells.
Your spell library contained the following spells:

 Spells                   Type           Power      Damage    Failure   Level
 Shock                    Conj/Air       0%         1d3       75%         1
 Swiftness                Air            0%         N/A       98%         3
 Airstrike                Air            0%         N/A       100%        4


Dungeon Overview and Level Annotations

Branches:
Dungeon (4/15)
 Temple: D:4-7

Altars:
Elyvilon

Shops:
D:4 !

Annotations:
D:4 Dowan, Duvessa, Edmund


Message History

The hound misses you. Duvessa barely misses you. The hound closely misses you.
Duvessa hits you with a +4 short sword of venom.
* * * LOW HITPOINT WARNING * * *
Edmund closely misses you.
You slash Edmund!
Edmund is heavily wounded.
You barely miss Duvessa. You hit the hound.
* * * LOW HITPOINT WARNING * * *
You feel very sick. The hound closely misses you.
Duvessa hits you with a +4 short sword of venom.
* * * LOW HITPOINT WARNING * * *
You are more poisoned.
Edmund barely misses you. The hound barely misses you.
Duvessa says, "When magic and the sword combine, nothing stands against them."
Duvessa misses you.
You feel much better.
* * * LOW HITPOINT WARNING * * *
You feel very sick. Dowan hits you with a +0 dagger.
* * * LOW HITPOINT WARNING * * *
The hound barely misses you. Duvessa barely misses you.
Edmund hits you but does no damage.
You feel drained.
You hit Edmund.
Edmund is heavily wounded.
You miss Dowan. You hit Duvessa. You slash the hound!
You kill the hound!
* * * LOW HITPOINT WARNING * * *
You feel very sick. Duvessa hits you but does no damage.
You are more poisoned.
Dowan barely misses you. Edmund misses you.
Duvessa hits you with a +4 short sword of venom.
* * * LOW HITPOINT WARNING * * *
You are more poisoned.
Dowan hits you but does no damage.
You barely miss Edmund.
Edmund is heavily wounded.
You barely miss Duvessa. You slash Dowan!
You die...

##### ....# #.......#.# ....
###......... .. ...........
####### ........$### #
......# #......... .#
......#### #.......##..#
..)†(....# #....@e......
..)...##.# #@e.#...# ......##
#####.....# .......#
#.##.....###..#
.......###......#.......
####....##.###.##.!....
♣♣♣#..#......#.# #......#
.#♣#..##...#.#.# ......#
..♣##....#.....# #.#...
...+..####...######.8....#.##


You could see Edmund, Duvessa (fast) and Dowan.

Vanquished Creatures
  A scorpion (D:4)
  A hound (D:4)
  A hound skeleton (D:3)
  7 adders
  2 adder skeletons (D:2)
  A worm (D:4)
  5 orcs
  12 ball pythons
  5 endoplasms
  5 giant cockroaches
  8 goblins
  12 hobgoblins
  3 quokkas
  A ball python skeleton (D:2)
  A ball python zombie (D:2)
  10 bats
  3 frilled lizards
  9 kobolds
  A quokka skeleton (D:4)
  A quokka zombie (D:2)
  7 rats
96 creatures vanquished.

Notes
Turn   | Place    | Note
-------+----------+-------------------------------------------
     0 | D:1      | a11behringer the Hill Orc Fighter began the quest for the
                  | Orb.
     0 | D:1      | Reached XP level 1. HP: 19/19 MP: 1/1
    82 | D:1      | Reached XP level 2. HP: 19/27 MP: 2/2
   272 | D:1      | Reached skill level 3 in Axes
   358 | D:1      | Reached XP level 3. HP: 29/33 MP: 3/3
   869 | D:2      | Found a faded altar of an unknown god.
   938 | D:2      | Reached skill level 4 in Axes
   938 | D:2      | Reached XP level 4. HP: 40/40 MP: 4/4
  1580 | D:3      | Reached skill level 5 in Axes
  1580 | D:3      | Reached XP level 5. HP: 44/47 MP: 5/5
  1672 | D:3      | Found a white marble altar of Elyvilon.
  2050 | D:4      | Found Fiylypuh's Distillery.
  2064 | D:4      | Reached skill level 6 in Axes
  2080 | D:4      | Bought a potion of curing for 36 gold pieces
  2331 | D:4      | Reached XP level 6. HP: 33/53 MP: 6/6
  2521 | D:4      | Noticed Edmund
  2524 | D:4      | Noticed Dowan
  2526 | D:4      | Noticed Duvessa
  2536 | D:4      | Succumbed to Duvessa's poison

Illustrated notes

Levels and vault maps discovered:
D:1:      scummos_arrival_simple_crosswalls, layout_rooms
D:2:      layout_basic, serial_undead, serial_undead_f, serial_undead_f,
          serial_undead_b, serial_undead_e, serial_undead_a,
          basic_ecumenical_altar, minmay_randomly_rotated_circles
D:3:      layout_loops_ring, elyvilon_altar_4
D:4:      layout_rooms, nicolae_stop_n_shop_2, kennysheep_small_square,
          uniq_edmund, uniq_robin, uniq_duvessa

Skill      XL: |  1  2  3  4  5 |
---------------+----------------+-----
Axes           | 3 4 5 6 |  6.6
Fighting       | 4 |  4.5
Shields        | 4 |  4.0
Armour         | |  3.9
Dodging        | |  0.9

Action                   |  1- 3 |  4- 6 || total
-------------------------+-------+-------++-------
Melee: War axe           |    91 |   144 ||   235
  Use: Potion            |       |     4 ||     4
Armor: Scale mail        |    52 |    72 ||   124
Dodge: Dodged            |    59 |    93 ||   152
Block: Buckler           |    23 |    32 ||    55

Table legend: (Time is in decaauts)
 A = Elapsed time spent in this place.
 B = Non-inter-level travel time spent in this place.
 C = Inter-level travel time spent in this place.
 D = Time resting spent in this place.
 E = Time spent auto-exploring this place.
 F = Levels seen in this place.
 G = Mean time per level.
                   A        B        C        D        E       F      G
               +--------+--------+--------+--------+--------+-----+--------+
         Total |   2601 |   2524 |     77 |      0 |   1950 |   4 |  650.2 |
       Dungeon |   2601 |   2524 |     77 |      0 |   1950 |   4 |  650.2 |
               +--------+--------+--------+--------+--------+-----+--------+

Top non-repeatable levels by time:
     D:3: 715 daAuts
     D:1: 699 daAuts
     D:2: 691 daAuts
     D:4: 495 daAuts
